 Dungeon Crawl Stone Soup version 0.30-a0-652-gcc886f7154 (webtiles) character file.

Game seed: 12306560528321950987

688 freelancePsychic the Shooter (level 7, 0/59 HPs)
             Began as a Demigod Hunter on Jan 17, 2023.
             Slain by an orc warrior
             ... wielding a +0 long sword
              (4 damage)
             ... on level 4 of the Dungeon.
             The game lasted 00:06:28 (3700 turns).

freelancePsychic the Shooter (Demigod Hunter)       Turns: 3700, Time: 00:06:29

Health: 0/59       AC:  4    Str: 12    XL:     7   Next: 13%
Magic:  9/9        EV: 13    Int: 17    God:
Gold:   331        SH:  0    Dex: 25    Spells: 6/6 levels left

rFire   + . .      SeeInvis .    a - +0 shortbow
rCold   + . .      Faith    .    (shield currently unavailable)
rNeg    . . .      Spirit   .    c - +0 leather armour
rPois   .          Reflect  .    (no helmet)
rElec   .          Harm     .    t - scarf {rC+ rF+}
rCorr   .          Rampage  .    q - +0 pair of gloves
Will    .....                    (no boots)
Stlth   +++                      s - amulet of regeneration
HPRegen 1.89/turn                d - +6 ring of intelligence
MPRegen 0.11/turn                (no ring)

@: lethally poisoned (0 -> -10), about to teleport
A: high MP 1, forlorn, divine attributes, hooves 1, regeneration 1
a: no special abilities


You were on level 4 of the Dungeon.
You visited 1 branch of the dungeon, and saw 5 of its levels.
You also visited: Sewer.

You collected 331 gold pieces.

Inventory:

Hand Weapons
 a - a +0 shortbow (weapon)
Armour
 c - a +0 leather armour (worn)
 q - a +0 pair of gloves (worn)
 t - a scarf of resistance (worn)
Jewellery
 d - a +6 ring of intelligence (left hand)
 j - a ring of flight
 s - an amulet of regeneration (around neck)
 x - a ring of poison resistance
 y - a ring of protection from cold
Scrolls
 b - a scroll of immolation
 e - a scroll of teleportation {@r4}
 f - 2 scrolls of vulnerability
 i - 2 scrolls of poison
 n - 2 scrolls of identify {@r1}
 p - 3 scrolls of enchant weapon
 r - a scroll of noise
 u - a scroll of silence
 w - a scroll of magic mapping {unknown}
Potions
 g - 2 potions of mutation
 h - a potion of haste {@q3}
 k - 2 potions of heal wounds {unknown}
 m - a potion of brilliance {unknown}
 o - a potion of might {unknown}
 v - a potion of magic {unknown}


   Skills:
 + Level 4.0 Fighting
 * Level 5.4 Ranged Weapons
 + Level 2.2 Dodging
 - Level 5.1 Stealth


You had 6 spell levels left.
You didn't know any spells.
Your spell library contained the following spells:

 Spells                   Type           Power      Damage    Failure   Level
 Blink                    Tloc           0%         N/A       41%         2
 Ensorcelled Hibernation  Hex/Ice        0%         N/A       41%         2
 Spider Form              Tmut/Pois      0%         N/A       65%         3
 Anguish                  Hex/Necr       0%         N/A       96%         4
 Manifold Assault         Tloc           0%         N/A       96%         4
 Storm Form               Tmut/Air       0%         N/A       100%        7


Dungeon Overview and Level Annotations

Branches:
Dungeon (5/15)              Sewer (visited)
 Temple: D:4-7

Shops:
D:1 :   D:3 =

Annotations:
D:3 Sigmund
D:4 2 transporters, pokeman's ghost, novice DEHW


Innate Abilities, Weirdness & Mutations

You have an increased reservoir of magic. (+10% MP)
You shall have no god before yourself.
Your divine heritage dramatically boosts your attributes as you level up.
You have large cloven feet.
Your natural rate of healing is unusually fast.


Message History

You are too injured to fight recklessly!
You are too injured to fight recklessly!
You are too injured to fight recklessly!
You are too injured to fight recklessly!
You are too injured to fight recklessly!
You are too injured to fight recklessly!
You are too injured to fight recklessly!
As you read the scroll of teleportation {@r4}, it crumbles to dust.
You feel strangely unstable.
You feel very sick.
The orc warrior hits you with a +0 long sword!
* * * LOW HITPOINT WARNING * * *
The orc barely misses you. The water moccasin bites you!
* * * LOW HITPOINT WARNING * * *
You feel better. The water moccasin bites you!
* * * LOW HITPOINT WARNING * * *
The orc warrior closely misses you.
The orc priest looks encouraged for a moment.
The orc barely misses you.
You feel better. The water moccasin bites you.
* * * LOW HITPOINT WARNING * * *
The orc warrior closely misses you.
The orc hits you with a +0 short sword of venom.
* * * LOW HITPOINT WARNING * * *
You are poisoned.
The water moccasin bites you.
* * * LOW HITPOINT WARNING * * *
Okay, then.
You shoot an arrow. The arrow hits the water moccasin.
The water moccasin is severely wounded.
You feel sick. The water moccasin bites you!
* * * LOW HITPOINT WARNING * * *
The orc warrior closely misses you. The orc hits you but does no damage.
You are more poisoned.
The water moccasin bites you.
* * * LOW HITPOINT WARNING * * *
You are lethally poisoned!
The water moccasin poisons you! The orc barely misses you.
The orc warrior hits you with a +0 long sword.
You die...

#.# #....##.#.....#
#.# #...##. .©..#.
#.# #..##.# ####.#.
#.# #..#..# #..##..
#.# #..##.###...###
#.# #...###.......#
#.# #..............
#o###..............
#S@oo....##########
#######.###########
#............
#############


You could see an orc warrior, a water moccasin, an orc priest and an orc.

Vanquished Creatures
  A water moccasin (D:5)
  Pargi (Sewer)
  A phantom (D:5)
  A necrophage (D:5)
  2 orc priests (D:4)
  3 hounds
  An iguana (D:4)
  3 gnolls (D:4)
  7 adders
  2 dart slugs
  2 orcs
  6 ball pythons
  6 bats
  2 endoplasms
  9 giant cockroaches
  8 goblins
  6 hobgoblins
  8 quokkas
  3 frilled lizards
  11 kobolds
  5 rats
88 creatures vanquished.

Notes
Turn   | Place    | Note
-------+----------+-------------------------------------------
     0 | D:1      | freelancePsychic the Demigod Hunter began the quest for the
                  | Orb.
     0 | D:1      | Reached XP level 1. HP: 17/17 MP: 3/3
    21 | D:1      | Reached skill level 1 in Stealth
   202 | D:1      | Reached XP level 2. HP: 24/24 MP: 4/4
   492 | D:1      | Reached XP level 3. HP: 29/29 MP: 5/5
   687 | D:1      | Found Ohar's Book Boutique.
  1409 | D:3      | Noticed Sigmund
  1784 | D:3      | Found Nessif's Jewellery Boutique.
  1972 | D:3      | Reached XP level 4. HP: 37/37 MP: 6/6
  2321 | D:4      | Gained mutation: You have large cloven feet. [potion of
                  | mutation]
  2321 | D:4      | Gained mutation: Your natural rate of healing is unusually
                  | fast. [potion of mutation]
  2330 | D:4      | Reached XP level 5. HP: 25/44 MP: 1/7
  2336 | D:4      | HP: 2/44 [iguana (5)]
  2482 | D:4      | Found a glowing drain.
  2493 | Sewer    | Entered a sewer
  2520 | Sewer    | Noticed Pargi
  2526 | Sewer    | Killed Pargi
  2527 | Sewer    | Reached XP level 6. HP: 51/51 MP: 8/8
  2852 | D:4      | Noticed a small abomination
  2856 | D:4      | Noticed pokeman's ghost (novice DEHW)
  2859 | D:4      | Found a transporter.
  2873 | D:4      | Found a transporter.
  2903 | D:4      | Noticed a toenail golem
  3363 | D:5      | Entered Level 5 of the Dungeon
  3439 | D:5      | Reached skill level 5 in Stealth
  3588 | D:5      | Noticed a water moccasin
  3597 | D:5      | Killed a water moccasin
  3598 | D:5      | Reached skill level 5 in Ranged Weapons
  3634 | D:5      | Reached XP level 7. HP: 58/58 MP: 9/9
  3700 | D:4      | Slain by an orc warrior

Illustrated notes

Levels and vault maps discovered:
D:1:      dpeg_arrival_round_b, layout_loops_ring, serial_shops,
          nicolae_lakefront_shop
D:2:      layout_loops_ring
D:3:      layout_loops_corners, serial_shops, shop, minivault_24, uniq_sigmund
D:4:      layout_loops_ring, portal_sewer_entry_d,
          gammafunk_ghost_abyssal_escape
D:5:      layout_basic, nemelex_dance_club_becter, temple_hall, glass_columns_b,
          lemuel_flame_loot_1, uniq_eustachio

Skill      XL: |  1  2  3  4  5  6  7 |
---------------+----------------------+-----
Stealth        | 1 2 3 4 5 |  5.1
Fighting       | 2 3 4 |  4.0
Ranged Weapons | 4 5 |  5.4
Dodging        | 2 |  2.2

Action                   |  1- 3 |  4- 6 |  7- 9 || total
-------------------------+-------+-------+-------++-------
 Fire: Shortbow          |   124 |    98 |    31 ||   253
  Use: Scroll            |       |     8 |     1 ||     9
       Potion            |       |     4 |     2 ||     6
Armor: Leather armour    |     9 |    12 |     7 ||    28
Dodge: Dodged            |    13 |    38 |    26 ||    77

Table legend: (Time is in decaauts)
 A = Elapsed time spent in this place.
 B = Non-inter-level travel time spent in this place.
 C = Inter-level travel time spent in this place.
 D = Time resting spent in this place.
 E = Time spent auto-exploring this place.
 F = Levels seen in this place.
 G = Mean time per level.
                   A        B        C        D        E       F      G
               +--------+--------+--------+--------+--------+-----+--------+
         Total |   3782 |   3593 |    189 |     29 |   2898 |   6 |  630.3 |
       Dungeon |   3620 |   3431 |    189 |      0 |   2803 |   5 |  724.0 |
         Sewer |    161 |    161 |      0 |     29 |     94 |   1 |  161.0 |
               +--------+--------+--------+--------+--------+-----+--------+

Top non-repeatable levels by time:
     D:4: 916 daAuts
     D:3: 890 daAuts
     D:1: 777 daAuts
     D:2: 697 daAuts
     D:5: 339 daAuts
   Sewer: 161 daAuts
